 Dungeon Crawl Stone Soup version 0.18-a0-1273-g8ec5f8e (webtiles) character file.

4730 dvd the Protected (level 10, -3/81 HPs)
             Began as a Deep Dwarf Fighter on Feb 7, 2016.
             Was a Follower of Makhleb.
             Slain by a komodo dragon (11 damage)
             ... on level 1 of the Lair of Beasts.
             The game lasted 00:30:00 (6962 turns).

dvd the Protected (Deep Dwarf Fighter)              Turns: 6962, Time: 00:30:00

Health: -3/81      AC: 18    Str: 24    XL:     10   Next: 22%
Magic:  12/12      EV:  2    Int:  8    God:    Makhleb [*.....]
Gold:   191        SH:  0    Dex: 14    Spells: 0 memorised, 9 levels left

rFire  . . .     SeeInvis +     D - +4 whip (vamp)
rCold  . . .     Gourm    .     s - +0 chain mail
rNeg   + + +     Faith    .     c - +1 shield
rPois  ∞         Spirit   .     (helmet restricted)
rElec  .         Dismiss  +     X - +2 cloak
rCorr  .         Reflect  .     (no gloves)
SustAt .         Harm     .     Y - +2 pair of boots {Fly}
MR     +....     Clarity  +     x - amulet of dismissal
Stlth  ..........               H - ring of see invisible
                                M - +2 ring of strength

@: petrified, flying, non-regenerating, somewhat resistant to hostile
enchantments, extremely unstealthy
A: damage resistance, recharge devices, beak, clarity, frail 1, sense
surroundings 2, slow regeneration 3
a: Device Recharging, Renounce Religion, Stop Flying


You were on level 1 of the Lair of Beasts.
You worshipped Makhleb.
Makhleb was aware of your devotion.
You were not hungry.

You visited 3 branches of the dungeon, and saw 10 of its levels.

You collected 443 gold pieces.
You spent 252 gold pieces at shops.

Inventory:

Hand Weapons
 a - a +0 war axe
 y - a +1 short sword of speed
 D - a +4 vampiric whip (weapon)
 F - a +1 dagger of venom
 G - a +1 flail of holy wrath
 T - a +2 battleaxe of flaming
Armour
 b - a +0 scale mail
 c - a +1 shield (worn)
 s - a +0 chain mail (worn)
 X - a +2 cloak (worn)
 Y - a +2 pair of boots of flying (worn)
Jewellery
 j - an uncursed amulet of magic regeneration
 p - an uncursed ring of fire
 t - an uncursed amulet of guardian spirit
 x - an amulet of dismissal (around neck)
 H - a ring of see invisible (right hand)
 M - a +2 ring of strength (left hand)
 N - an uncursed ring of stealth
 W - a +4 ring of intelligence
Wands
 e - a wand of heal wounds (3/9)
 O - a wand of iceblast (5/15)
 P - a wand of confusion (17/48)
 R - a wand of iceblast (10/15)
 U - a wand of slowing (25/48)
 V - a wand of flame (27/48)
 Z - a wand of random effects (28/48)
Scrolls
 d - a scroll of acquirement {unknown}
 g - 8 scrolls of identify
 k - 7 scrolls of amnesia
 o - 3 scrolls of remove curse
 q - 2 scrolls of teleportation
 u - a scroll of magic mapping
 A - a scroll of fear
Potions
 m - 4 potions of curing
 z - 5 potions of haste
 L - a potion of magic
 Q - a potion of lignification
Books
 B - a book of Maledictions

   Spells                             Type                      Level
   a - Corona                         Hexes                        1
   b - Ensorcelled Hibernation        Hexes/Ice                    2
   c - Confuse                        Hexes                        3
   d - Tukima's Dance                 Hexes                        3
   e - Dazzling Spray                 Conjuration/Hexes            3
 J - a book of Debilitation

   Spells                             Type                      Level
   a - Corona                         Hexes                        1
   b - Slow                           Hexes                        2
   c - Gell's Gravitas                Hexes/Translocation          3
   d - Inner Flame                    Hexes/Fire                   3
   e - Cause Fear                     Hexes                        4
   f - Leda's Liquefaction            Hexes/Earth                  4
Comestibles
 f - 13 bread rations
 h - 2 chunks of flesh
 i - 3 meat rations
 n - a royal jelly
 w - 7 fruits
 I - 10 beef jerkies


   Skills:
 + Level 5.6 Fighting
 + Level 2.9(4.6) Axes
 + Level 5.1(5.4) Maces & Flails
 + Level 9.3 Armour
 + Level 6.1 Dodging
 + Level 1.8 Stealth
 + Level 9.3 Shields
 + Level 2.9 Evocations


You had 9 spell levels left.
You didn't know any spells.

Dungeon Overview and Level Annotations

Branches:
Dungeon (8/15)             Temple (1/1) D:7            Lair (1/8) D:8

Altars:
Ashenzari
Cheibriados
Dithmenos
Elyvilon
Fedhas
Gozag
Kikubaaqudgha
Makhleb
Nemelex Xobeh
Okawaru
Pakellas
Qazlal
Ru
Sif Muna
Trog
Vehumet
Xom
Yredelemnul
Zin
The Shining One

Shops:
D:6 :   D:7 [

Annotations:
Lair:1 exclusion: oklob plant


Innate Abilities, Weirdness & Mutations

You are resistant to damage.
You can recharge devices by infusing magical energy.
You passively map the area around you.
You do not regenerate naturally.
You have a beak for a mouth.
You possess an exceptional clarity of mind.
You are frail (-10% HP).


Message History

* * * LOW HITPOINT WARNING * * *
You have turned to stone.
The komodo dragon bites you. The basilisk bites you.
* * * LOW HITPOINT WARNING * * *
The basilisk bites you but does no damage.
The komodo dragon bites you!
* * * LOW HITPOINT WARNING * * *
The komodo dragon bites you. The basilisk bites you.
The komodo dragon bites you!!
* * * LOW HITPOINT WARNING * * *
The basilisk bites you but does no damage.
The komodo dragon bites you but does no damage.
The basilisk gazes at you. You resist with almost no effort.
The komodo dragon bites you but does no damage.
The basilisk gazes at you. You resist with almost no effort.
The basilisk gazes at you. You resist with almost no effort.
The komodo dragon bites you!!
You die...

, , , * , , , , ,,
....# * , , , *
#...# ,,, * ,, , *
#...# , , , ,
*#####...# * ,
...(....# * ,
........# * * , ,
........# ** * , ,
......l@# ####.., *
, , *
+##.###l##.#P#.. *
* . ,
$......#.........
#, ,, +
.......#......... *
, # ,
,.......#.........,
#.. ,,
.................
... *
.#..P##P.........,
**, ..
,.................
, , # ,
,.......?.######..,
,


You could see a komodo dragon and a basilisk.

Vanquished Creatures
  A black mamba (Lair:1)
  A spiny frog (Lair:1)
  6 blink frogs
  4 yaks (Lair:1)
  A water moccasin (Lair:1)
  An orc warrior (D:7)
  A phantom (D:4)
  2 porcupines
  2 ice beasts
  2 centaurs
  2 ogres
  Blork the orc (D:4)
  5 giant frogs
  A scorpion (D:8)
  3 wights (D:7)
  3 crimson imps
  A centaur zombie (D:6)
  An orc priest (D:7)
  A hound (D:6)
  2 jellies
  Jessica (D:3)
  5 iguanas
  6 orc wizards
  3 worker ants
  A hound zombie (D:5)
  A worker ant zombie (D:8)
  7 adders
  9 gnolls
  A shadow imp (D:7)
  2 oozes
  A worm (D:3)
  2 giant geckos
  21 orcs
  A bat (D:1)
  6 giant cockroaches
  7 goblins
  5 hobgoblins
  3 jackals (D:7)
  3 quokkas
  3 ball pythons
  A giant gecko zombie (D:5)
  4 giant newts
  3 kobolds
  A quokka skeleton (D:4)
  9 rats
147 creatures vanquished.

Vanquished Creatures (others)
  An orc wizard (D:4)
1 creature vanquished.

Grand Total: 148 creatures vanquished

Notes
Turn   | Place    | Note
--------------------------------------------------------------
     0 | D:1      | dvd the Deep Dwarf Fighter began the quest for the Orb.
     0 | D:1      | Reached XP level 1. HP: 20/20 MP: 1/1
   279 | D:1      | Reached XP level 2. HP: 20/27 MP: 2/2
  1045 | D:2      | Reached skill level 4 in Armour
  1045 | D:2      | Reached XP level 3. HP: 20/33 MP: 3/3
  1443 | D:3      | Reached skill level 1 in Dodging
  1613 | D:3      | Reached XP level 4. HP: 16/42 MP: 4/4
  1858 | D:3      | Reached XP level 5. HP: 39/49 MP: 5/5
  2153 | D:3      | Noticed Jessica
  2171 | D:3      | Killed Jessica
  2547 | D:4      | Reached skill level 1 in Maces & Flails
  2547 | D:4      | Reached skill level 5 in Armour
  2585 | D:4      | Reached XP level 6. HP: 50/56 MP: 6/6
  2641 | D:4      | Found a stormy altar of Qazlal.
  2641 | D:4      | Found a snail-covered altar of Cheibriados.
  2642 | D:4      | Found a bloodstained altar of Trog.
  2683 | D:4      | Noticed Blork the orc
  2714 | D:4      | Killed Blork the orc
  2714 | D:4      | Reached skill level 5 in Shields
  2949 | D:4      | Found a glowing drain.
  3157 | D:4      | Reached XP level 7. HP: 55/63 MP: 7/7
  3313 | D:4      | Found a glowing golden altar of the Shining One.
  3364 | D:5      | Entered Level 5 of the Dungeon
  4021 | D:6      | Reached skill level 6 in Shields
  4038 | D:6      | Found a glowing silver altar of Zin.
  4071 | D:6      | Found a sacrificial altar of Ru.
  4113 | D:6      | Found a basalt altar of Yredelemnul.
  4135 | D:6      | Found Heqigouz's Book Emporium.
  4254 | D:6      | Found a radiant altar of Vehumet.
  4338 | D:6      | Found a sparkling altar of Nemelex Xobeh.
  4411 | D:6      | Reached XP level 8. HP: 68/72 MP: 8/8
  4561 | D:6      | Found an oddly glowing altar of Pakellas.
  4829 | D:7      | Found a burning altar of Makhleb.
  4856 | D:7      | Found a shattered altar of Ashenzari.
  4865 | D:7      | Became a worshipper of Makhleb the Destroyer
  4947 | D:7      | Reached skill level 1 in Evocations
  4993 | D:7      | Reached skill level 7 in Shields
  5108 | D:7      | Found Pelozxip's Antique Armour Emporium.
  5117 | D:7      | Bought an embroidered cloak for 126 gold pieces
  5117 | D:7      | Bought a pair of glowing boots for 126 gold pieces
  5284 | D:7      | Found a staircase to the Ecumenical Temple.
  5293 | Temple   | Entered the Ecumenical Temple
  5718 | D:7      | Found a deep blue altar of Sif Muna.
  5756 | D:7      | Found a basalt altar of Yredelemnul.
  5803 | D:8      | Found a staircase to the Lair.
  5836 | D:8      | Reached * piety under Makhleb
  5858 | D:8      | Noticed a blink frog
  5884 | D:8      | Gained mutation: You passively map the area around you. [Deep Dwarf growth]
  5884 | D:8      | Reached XP level 9. HP: 43/80 MP: 10/10
  5923 | D:8      | Reached skill level 1 in Stealth
  5986 | D:8      | Gained mutation: You have a beak for a mouth. [potion of mutation]
  5986 | D:8      | Gained mutation: You are frail (-10% HP). [potion of mutation]
  5986 | D:8      | Gained mutation: You possess an exceptional clarity of mind. [potion of mutation]
  6206 | D:8      | Found a sparkling altar of Nemelex Xobeh.
  6439 | Lair:1   | Entered Level 1 of the Lair of Beasts
  6458 | Lair:1   | Reached skill level 8 in Shields
  6500 | Lair:1   | Reached skill level 5 in Fighting
  6500 | Lair:1   | Reached skill level 5 in Dodging
  6553 | Lair:1   | Reached skill level 9 in Shields
  6561 | Lair:1   | Found an opulent altar of Gozag.
  6561 | Lair:1   | Noticed an oklob plant
  6646 | Lair:1   | Noticed an eight-headed hydra
  6657 | Lair:1   | Noticed a black mamba
  6668 | Lair:1   | Reached XP level 10. HP: 18/79 MP: 11/11
  6737 | Lair:1   | Reached skill level 5 in Maces & Flails
  6825 | Lair:1   | Killed a black mamba
  6914 | Lair:1   | Noticed a spiny frog
  6947 | Lair:1   | Killed a spiny frog
  6962 | Lair:1   | Slain by a komodo dragon

Vault maps used:
D:1:      scummos_arrival_forest, minmay_door_square, minivault_5,
          roderic_malta_cross
D:2:      first_bread
D:3:      uniq_jessica
D:4:      gammafunk_temple_overflow_forgotten, nicolae_tso_swordbearing_angel,
          portal_sewer_entry_a, uniq_blork_the_orc
D:6:      kennysheep_mini_moat, nicolae_overflow_crystal_walls,
          kennysheep_little_box, lemuel_doored_altar, overflow_temple_1_default,
          lemuel_round_altar, serial_shops,
          nicolae_shop_temple_entry_statues_fountains
D:7:      lemuel_blue_sif_altar, ashenzari_altar_1, lemuel_crystal_altar,
          minmay_temple_entry_poolview, basic_altar, serial_shops, shop,
          grunt_ogre_cave
D:8:      dpeg_lair_monsters, nemelex_altar_shiori
Temple:   temple_island_7
Lair:1:   lemuel_oklob_altar, grunt_megastairs_4

Action                   |  1- 3 |  4- 6 |  7- 9 | 10-12 || total
-------------------------+-------+-------+-------+-------++-------
Melee: War axe           |   102 |    14 |       |       ||   116
       Whip              |       |   295 |   569 |    59 ||   923
       Battleaxe         |       |       |    12 |       ||    12
Evoke: Wand              |       |     1 |    10 |     1 ||    12
  Use: Scroll            |       |       |    16 |       ||    16
       Potion            |       |       |    10 |     1 ||    11
  Eat: Chunk             |     2 |     5 |    11 |     1 ||    19
       Meat ration       |       |     1 |       |     1 ||     2
       Pizza             |       |       |     1 |       ||     1
